 Dungeon Crawl Stone Soup version 0.30.1-11-g7821555f0a (webtiles) character file.

Game seed: 9578137485455599197

4742 Glitchless the Grappler (level 10, -4/94 HPs)
             Began as a Troll Berserker on Dec 5, 2023.
             Was an Elder of Trog.
             Hit by a large rock thrown by a cyclops (14 damage)
             ... on level 8 of the Dungeon.
             The game lasted 00:22:56 (5009 turns).

Glitchless the Grappler (Troll Berserker)           Turns: 5009, Time: 00:22:56

Health: -4/94      AC:  6    Str: 27    XL:     10   Next: 22%
Magic:  9/9        EV: 12    Int:  3    God:    Trog [****..]
Gold:   168        SH:  0    Dex: 17    Spells: 9/9 levels left

rFire   . .          .
                       - Unarmed
rCold   + + .        (no shield)
rNeg    + . .        c - +0 robe of Guot {Contam Rampage rPois rC+ Dex+4}
rPois   +            (helmet restricted)
rElec   .            j - +1 cloak
rCorr   .            (gloves unavailable)
SInv    +            (boots unavailable)
Will    .....        (no amulet)
Stlth   ++           a - ring of protection from cold
HPRegen 1.15/turn    v - ring of positive energy
MPRegen 0.11/turn

%: clarity, rampage
@: no status effects
A: large, unfitting armour, claws 3, regeneration 1, shaggy fur 1, tough skin 1,
horns 1, see invisible, clarity, wild magic 1
a: Renounce Religion, Berserk, Trog's Hand, Brothers in Arms


You were on level 8 of the Dungeon.
You worshipped Trog.
Trog was greatly pleased with you.
You visited 1 branch of the dungeon, and saw 8 of its levels.

You collected 328 gold pieces.
You spent 160 gold pieces at shops.

Inventory:

Hand Weapons
 l - a +2 whip of electrocution
 y - a +5 dire flail of freezing
 B - a +2 flail of holy wrath
Missiles
 d - 16 poisoned darts (quivered)
 g - 2 boomerangs of dispersal
 o - 4 atropa-tipped darts
Armour
 c - the +0 robe of Guot (worn) {Contam Rampage rPois rC+ Dex+4}
   (You acquired it on level 3 of the Dungeon)

   Dex:       It affects your dexterity (+4).
   rC:        It protects you from cold.
   rPois:     It protects you from poison.
   Contam:    It causes magical contamination when unequipped.
   Rampage:   It bestows one free step when moving towards enemies.
 j - a +1 cloak (worn)
Jewellery
 a - a ring of protection from cold (left claw)
 r - a +6 ring of intelligence
 v - a ring of positive energy (right claw)
Wands
 u - a wand of quicksilver (12)
 x - a wand of flame (7)
Scrolls
 f - 3 scrolls of teleportation
 h - a scroll of noise {unknown}
 m - a scroll of torment {unknown}
 n - 4 scrolls of amnesia {unknown}
 p - a scroll of vulnerability {unknown}
 w - 2 scrolls of identify
 z - 2 scrolls of poison {unknown}
 A - a scroll of summoning {unknown}
 C - a scroll of magic mapping
 E - a scroll of immolation {unknown}
Potions
 b - 2 potions of heal wounds {unknown}
 e - 2 potions of curing
 i - 2 potions of might
 k - a potion of invisibility
 q - a potion of flight {unknown}
 s - 3 potions of lignification {unknown}
 t - a potion of cancellation {unknown}
 D - a potion of attraction {unknown}


   Skills:
 * Level 4.7 Fighting
 * Level 2.6 Maces & Flails
 * Level 2.6 Throwing
 * Level 3.8 Armour
 * Level 5.7 Dodging
 * Level 11.3 Unarmed Combat


You had 9 spell levels left.
You didn't know any spells.
Your spell library contained the following spells:

 Spells                   Type           Power      Damage    Failure   Level
 Apportation              Tloc           0%         N/A       61%         1
 Necrotise                Necr           0%         1d4       61%         1
 Summon Small Mammal      Summ           0%         N/A       61%         1
 Lesser Beckoning         Tloc           0%         N/A       75%         2
 Gell's Gravitas          Tloc           0%         N/A       92%         3
 Teleport Other           Tloc           0%         N/A       92%         3


Dungeon Overview and Level Annotations

Branches:
Dungeon (8/15)             Temple (0/1) D:6
   Lair: D:8-11

Altars:
Elyvilon
Hepliaklqana
Qazlal
Trog
Uskayaw

Shops:
D:5 (=!   D:6 *


Innate Abilities, Weirdness & Mutations

You are too large for most types of armour.
You have claws for hands.
Your natural rate of healing is unusually fast.
You are covered in fur. (AC +1)
You have tough skin. (AC +1)
You have a pair of small horns on your head.
You have supernaturally acute eyesight. (SInv)
You possess an exceptional clarity of mind.
Your spells are a little harder to cast, but a little more powerful.


Message History

Trog accepts your kill.
You completely miss the orc wizard. The orc wizard casts a spell at you.
You feel momentarily confused.
You claw the orc wizard!
The orc wizard is heavily wounded.
The bullfrog hits you.
* * * LOW HITPOINT WARNING * * *
The orc wizard hits you but does no damage.
You mangle the orc wizard!!
You kill the orc wizard!
Trog accepts your kill.
Trog appreciates your killing of a magic user.
The bullfrog hits you but does no damage.
The bullfrog barely misses you. The bullfrog hits you.
* * * LOW HITPOINT WARNING * * *
The bullfrog hits you but does no damage.
Items here: $ ) / [ †.
The bullfrog barely misses you. The bullfrog hits you.
* * * LOW HITPOINT WARNING * * *
The bullfrog snags a nearby moth with its tongue.
The bullfrog hits you.
* * * LOW HITPOINT WARNING * * *
You mangle the bullfrog!!
You kill the bullfrog!
Trog accepts your kill.
You feel yourself speed up.
The cyclops throws a large rock.
The large rock hits you!
* * * LOW HITPOINT WARNING * * *
You scratch the orc.
The orc is heavily wounded.
You claw the orc!
You kill the orc!
Trog accepts your kill.
The cyclops throws a large rock.
The large rock hits you!
* * * LOW HITPOINT WARNING * * *
You recover from your berserk rage.
The cyclops throws a large rock.
The large rock hits you!
You die...

##.# .# ##..# .# #######
#..## .##.....# ##.#####.#
###.##.....###C.......#
..#.#......#....#######
#............#.##
#####.....#.....##.#
#........>.@.####..######
##....##..##.####.#.....##
#...<....#
#....#......).##
#####.#....###
####.........[.#
#..........##
#[...........#
#......###..#
#.##.........# #......#
##.# #.##.........#
##<....## #.#
##.##.........# #..)..##
#.#####.)###...>...##


You could see a cyclops.

Vanquished Creatures
  A boulder beetle (D:8)
  A gargoyle (D:8)
  2 hornets
  3 yaks
  A steam dragon (D:8)
  Duvessa (D:6)
  A water moccasin (D:7)
  A black bear (D:8)
  3 ice beasts
  An orc warrior (D:8)
  The ghost of MiddleoftheRoad the Charlatan, an amateur OgAr of Ru (D:4)
  A sky beast (D:8)
  2 centaurs
  A phantom (D:4)
  2 bullfrogs (D:8)
  A scorpion (D:4)
  4 wights
  Dowan (D:6)
  A killer bee (D:8)
  3 howler monkeys (D:7)
  A hound (D:7)
  3 jellies
  3 orc priests
  A bullfrog skeleton (D:4)
  2 gnoll boudas
  2 sleepcaps
  4 iguanas
  Natasha (D:2)
  7 orc wizards
  A killer bee zombie (D:4)
  Robin (D:2)
  4 gnolls (D:4)
  7 adders
  3 shadow imps
  2 white imps
  3 ufetubi
  2 worms
  3 dart slugs
  19 orcs
  5 ball pythons
  8 endoplasms
  3 giant cockroaches
  14 goblins
  9 hobgoblins
  3 quokkas
  9 bats
  3 frilled lizards
  8 kobolds
  7 rats
170 creatures vanquished.

Vanquished Creatures (collateral kills)
  2 yaks (D:4)
  An endoplasm (D:4)
3 creatures vanquished.

Vanquished Creatures (others)
  A butterfly (D:4)
1 creature vanquished.

Grand Total: 174 creatures vanquished

Notes
Turn   | Place    | Note
-------+----------+-------------------------------------------
     0 | D:1      | Glitchless the Troll Berserker began the quest for the Orb.
     0 | D:1      | Reached XP level 1. HP: 22/22 MP: 0/0
   126 | D:1      | Gained mutation: You possess an exceptional clarity of
                  | mind. [potion of mutation]
   126 | D:1      | Gained mutation: You have supernaturally acute eyesight.
                  | (SInv) [potion of mutation]
   126 | D:1      | Gained mutation: Your spells are a little harder to cast,
                  | but a little more powerful. [potion of mutation]
   126 | D:1      | Gained mutation: You have a pair of small horns on your
                  | head. [potion of mutation]
   185 | D:1      | Reached XP level 2. HP: 29/29 MP: 1/1
   813 | D:2      | Reached ** piety under Trog
   931 | D:2      | Reached XP level 3. HP: 36/36 MP: 2/2
  1084 | D:2      | Noticed Robin
  1100 | D:2      | Killed Robin
  1163 | D:2      | Noticed Natasha
  1168 | D:2      | Killed Natasha
  1169 | D:2      | Reached skill level 4 in Unarmed Combat
  1169 | D:2      | Reached XP level 4. HP: 44/44 MP: 3/3
  1480 | D:3      | Reached skill level 1 in Armour
  1480 | D:3      | Reached XP level 5. HP: 23/53 MP: 4/4
  1527 | D:3      | Reached *** piety under Trog
  1637 | D:3      | Found a hide-covered altar of Uskayaw.
  1684 | D:3      | Identified a scroll of acquirement
  1684 | D:3      | Acquired the +0 robe of Guot {Contam Rampage rPois rC+
                  | Dex+4}
  1730 | D:3      | Found a bloodstained altar of Trog.
  1979 | D:4      | Noticed MiddleoftheRoad's ghost (amateur OgAr)
  1979 | D:4      | Found a transporter.
  2017 | D:4      | Found a white marble altar of Elyvilon.
  2170 | D:4      | Noticed a phantom
  2173 | D:4      | Found a transporter.
  2277 | D:4      | Reached skill level 5 in Unarmed Combat
  2297 | D:4      | Reached XP level 6. HP: 30/61 MP: 5/5
  2299 | D:4      | Reached **** piety under Trog
  2381 | D:4      | Noticed a yak
  2382 | D:4      | Noticed a yak
  2383 | D:4      | Noticed a yak
  2386 | D:4      | Noticed a yak
  2437 | D:4      | Killed a yak
  2437 | D:4      | Killed a yak
  2438 | D:4      | Reached skill level 6 in Unarmed Combat
  2438 | D:4      | Reached XP level 7. HP: 61/67 MP: 6/6
  2441 | D:4      | Killed a yak
  2444 | D:4      | Killed a yak
  2445 | D:4      | Reached skill level 7 in Unarmed Combat
  2792 | D:4      | Killed MiddleoftheRoad's ghost
  2793 | D:4      | Reached XP level 8. HP: 78/78 MP: 7/7
  2874 | D:5      | Entered Level 5 of the Dungeon
  2957 | D:5      | Found Osukhl Cecau's Antique Weapon Shop.
  3032 | D:5      | Found Ojeck's Distillery.
  3044 | D:5      | Reached skill level 8 in Unarmed Combat
  3055 | D:5      | Bought a potion of invisibility for 80 gold pieces
  3055 | D:5      | Bought a potion of degeneration for 10 gold pieces
  3055 | D:5      | Bought a potion of brilliance for 40 gold pieces
  3055 | D:5      | Bought a potion of curing for 30 gold pieces
  3187 | D:5      | Found Olumyhan's Jewellery Boutique.
  3268 | D:5      | Identified the +0 chain mail of the Little Devil {rC+
                  | Regen+ Int+3}
  3389 | D:5      | Found a hazy altar of Hepliaklqana.
  3621 | D:6      | Found Etidogoj's Fire Supplies.
  3664 | D:6      | Noticed Duvessa
  3665 | D:6      | Noticed Dowan
  3671 | D:6      | Noticed a hornet
  3672 | D:6      | Killed Dowan
  3678 | D:6      | Killed Duvessa
  3682 | D:6      | Reached skill level 9 in Unarmed Combat
  3693 | D:6      | Killed a hornet
  3694 | D:6      | Reached skill level 1 in Maces & Flails
  3694 | D:6      | Reached skill level 1 in Throwing
  3694 | D:6      | Reached skill level 5 in Dodging
  3694 | D:6      | Reached XP level 9. HP: 35/84 MP: 8/8
  3819 | D:6      | Found a staircase to the Ecumenical Temple.
  4258 | D:7      | Found a stormy altar of Qazlal.
  4583 | D:8      | Reached skill level 10 in Unarmed Combat
  4802 | D:8      | Noticed a boulder beetle
  4803 | D:8      | Noticed a gargoyle
  4821 | D:8      | Killed a boulder beetle
  4870 | D:8      | Killed a gargoyle
  4943 | D:8      | Reached XP level 10. HP: 89/94 MP: 9/9
  4946 | D:8      | Reached skill level 11 in Unarmed Combat
  4962 | D:8      | Noticed a cyclops
  5009 | D:8      | Hit by a large rock thrown by a cyclops

Illustrated notes

Levels and vault maps discovered:
D:1:      minmay_arrival_stone_box, layout_basic, minmay_misc_feat_four_crosses
D:2:      layout_loops_corners, uniq_natasha, uniq_robin
D:3:      layout_rooms, lemuel_round_altar, lemuel_tele_altar, minmay_surrounded
D:4:      layout_gridville, nicolae_elyvilon_peaceful_grove,
          gammafunk_ghost_mausoleum
D:5:      layout_basic, worldfamousw_hep_ancestral_shrine, serial_shops, shop,
          nicolae_shop_industrial_runoff, nicolae_shop_peninsula
D:6:      layout_loops_ring, minmay_temple_entry_trees, nicolae_shop_fire_sale
          [nicolae_sub_dead_trees], uniq_duvessa
D:7:      layout_basic, nicolae_qazlal_general_emergency, grunt_ministairs_12,
          minivault_24
D:8:      minmay_bloctagon, layout_rooms, nicolae_wu_jian_wuxing_cycle,
          led_sif_pool

Skill      XL: |  1  2  3  4  5  6  7  8  9 10 |
---------------+-------------------------------+-----
Dodging        | 3 4 5 |  5.7
Unarmed Combat | 4 5 6 7 9 10 11 | 11.3
Fighting       | 3 4 |  4.7
Armour         | 1 2 3 |  3.8
Maces & Flails | 1 2 |  2.6
Throwing       | 1 2 |  2.6

Action                     |  1- 3 |  4- 6 |  7- 9 | 10-12 || total
---------------------------+-------+-------+-------+-------++-------
  Melee: Unarmed           |    88 |   149 |   167 |    43 ||   447
         Headbutt          |    10 |    20 |    29 |     8 ||    67
         Punch             |     2 |     2 |    10 |       ||    14
 Invoke: Berserk           |       |     1 |     2 |     1 ||     4
         Trog's Hand       |       |     1 |     1 |     1 ||     3
         Brothers in Arms  |       |     1 |       |       ||     1
    Use: Potion            |     2 |       |       |       ||     2
         Scroll            |       |     5 |     2 |       ||     7
   Stab: Sleeping          |       |       |     3 |       ||     3
 Armour: Animal skin       |    26 |    31 |       |       ||    57
         Robe              |       |    33 |    41 |    12 ||    86
  Dodge: Dodged            |    37 |    81 |    82 |    22 ||   222
